cohdb
Replays
Latest Replays
All Replays
Popular Replays
Top Player Replays
Match Explorer
How It Works
Community
CoH3 Stats
Reddit
Sign in to upload your games and track your stats! →
Sign in with Steam
Match 42957830
Unlisted
Match 42957830
Overview
Messages
Build Orders
End
Construct Barracks
Selects Advanced Infantry Battlegroup
Selects Convert to Ranger Squad
Selects Frontline Medical Station
Selects Ranger Weapon Training
Selects Ammunition Storage
Selects M2A1 105mm Howitzer Emplacement
Selects 155mm Rapid Artillery Barrage
AI Takeover
.
Alexanderwar
tonyke
Joker
steam15558698719
DirkDiggler
fufu1121
aJIekc
0
0
Comments
sign in to comment!
No comments posted yet!